Map: Terrasses de Prion

Players

Abaddon - Winner!

  • Race: Terran Terran
  • League: Diamond

Worming

  • Race: Zerg Zerg
  • League: Diamond

VOD

Have the link to the VOD?

Description

Time

  • Played on: Dec. 12, 2015, 9:51 a.m.
  • Length: 9:52
Show
View Real Time Build Order
Export as new Build Order

Abaddon Terran - Winner!

Build Orders: MMM Bio 

Get SALT Encoding   

  12  0:01  SCV  
  13  0:13  SCV  
  14  0:20  Supply Depot  
  14  0:25  SCV  
  15  0:42  Barracks, SCV  
  16  0:46  Refinery  
  16  0:54  SCV  
  17  1:00  Barracks  
  17  1:15  Barracks  
  17  1:23  Refinery  
  17  1:29  Reaper  
  18  1:33  SCV  
  19  1:47  Supply Depot  
  19  1:49  Reaper  
  20  2:01  Reaper  
  21  2:08  Reaper  
  22  2:15  Orbital Command  
  22  2:21  Reaper  
  23  2:38  Reaper  
  24  2:51  Reaper, SCV  
  25  2:53  Reaper  
  27  3:11  Reaper  
  28  3:23  Reaper  
  28  3:25  Reaper  
  29  3:36  Command Center  
  29  3:43  Reaper  
  29  3:44  Supply Depot  
  30  3:55  Reaper  
  29  3:57  Reaper  
  30  4:05  SCV  
  31  4:15  Reaper  
  31  4:16  Supply Depot  
  32  4:18  Supply Depot  
  32  4:27  Reaper  
  33  4:32  Factory  
  30  5:11  Barracks Tech Lab x2  
  28  5:35  SCV  
  28  5:37  Combat Shields, Stimpack  
  28  5:39  Starport  
  28  5:40  Marine  
  28  5:42  Barracks Reactor  
  29  5:44  Command Center  
  29  5:45  Factory Reactor  
  29  5:47  SCV  
  30  5:54  Orbital Command  
  30  5:59  SCV  
  31  6:09  Marauder, Marine  
  34  6:12  Bunker, SCV  
  35  6:24  SCV  
  36  6:27  Marine  
  36  6:38  SCV x2  
  38  6:42  Marauder  
  40  6:49  Engineering Bay  
  40  6:50  SCV x2  
  40  6:51  Engineering Bay  
  40  6:53  Factory Tech Lab  
  42  6:54  Medivac  
  42  6:57  Supply Depot  
  42  6:58  Marine  
  44  7:08  Marine x2  
  44  7:09  Marauder  
  48  7:22  Marine  
  47  7:26  SCV x2  
  47  7:27  Marauder, Marine  
  53  7:30  Marine  
  54  7:37  Orbital Command  
  54  7:38  SCV x2  
  53  7:50  SCV x2, Marine x4  
  59  7:51  Siege Tank  
  59  7:54  Terran Infantry Weapons Level 1  
  59  7:57  Terran Infantry Armor Level 1  
  62  8:03  Orbital Command  
  62  8:07  Medivac x2  
  62  8:08  Marine x2  
  62  8:11  Refinery  
  68  8:15  Marine x2  
  68  8:19  SCV  
  72  8:20  SCV  
  72  8:25  Marine  
  72  8:26  Marine  
  74  8:32  SCV x3  
  74  8:33  Marine x2  
  79  8:38  Missile Turret  
  79  8:40  Barracks  
  79  8:43  Marine  
  79  8:44  Marine  
  81  8:51  Marine x2  
  83  9:01  Marine x2  
  85  9:03  Medivac, Siege Tank  
  85  9:09  Marauder, Marine  
  93  9:26  Missile Turret  
  93  9:27  Refinery, Marine x3  
  93  9:31  Marauder  
Show
View Real Time Build Order
Export as new Build Order

Worming Zerg 

Build Orders: Hatch First 

Get SALT Encoding   

  12  0:01  Drone  
  13  0:12  Overlord  
  13  0:17  Drone  
  14  0:33  Drone  
  14  0:34  Drone  
  16  0:42  Drone  
  17  0:54  Drone, Hatchery  
  17  1:02  Extractor  
  17  1:03  Drone  
  17  1:16  Drone, Spawning Pool  
  17  1:20  Drone  
  18  1:32  Drone  
  19  1:40  Drone  
  20  2:03  Queen  
  20  2:05  Zergling x4  
  20  2:06  Queen  
  20  2:07  Metabolic Boost  
  26  2:11  Drone x2  
  28  2:18  Overlord  
  28  2:42  Queen  
  28  2:43  Drone x5  
  34  2:49  Zergling x2  
  35  2:55  Overlord  
  35  3:02  Zergling x2  
  36  3:06  Roach Warren  
  36  3:07  Zergling x2  
  36  3:09  Queen  
  36  3:17  Zergling x10  
  36  3:34  Queen  
  37  3:41  Drone x6  
  41  3:54  Queen  
  39  4:03  Drone x4  
  43  4:10  Overlord  
  43  4:15  Overlord  
  43  4:22  Queen, Extractor x2  
  40  4:36  Zergling x12  
  42  4:41  Burrow  
  42  4:44  Zergling x4  
  42  4:45  Zergling x2  
  31  5:02  Roach x3  
  31  5:03  Roach  
  36  5:08  Roach x3  
  32  5:27  Roach x3  
  32  5:28  Zergling x2  
  33  5:36  Drone  
  33  5:37  Drone  
  35  5:51  Drone x2  
  35  5:56  Drone x2  
  38  6:05  Drone x3  
  41  6:14  Queen  
  43  6:21  Roach  
  45  6:32  Roach x2  
  49  6:44  Drone x4  
  53  7:06  Hatchery  
  53  7:08  Drone x5  
  57  7:26  Overlord x2  
  57  7:31  Lair  
  57  7:35  Evolution Chamber  
  56  7:49  Queen  
  58  7:53  Extractor  
  58  7:58  Zergling x2  
  56  8:07  Drone x2  
  56  8:09  Drone x3  
  56  8:10  Drone x4  
  65  8:25  Queen  
  67  8:27  Evolution Chamber  
  67  8:30  Hatchery  
  67  8:34  Drone x6  
  70  8:43  Overlord  
  70  8:44  Zergling x2  
  70  8:45  Zergling x2  
  72  8:49  Baneling Nest  
  66  8:55  Zergling x4  
  66  8:56  Zergling x2  
  68  9:13  Zergling x8  
  68  9:14  Zergling x2  
  75  9:43  Hatchery  
Tags
 
Add a new tag
Caveats
  • Supply blocks, unpowered buildings, or Contaminate may cause inaccurate times.
  • Supply counts are checked every 10 seconds.